 Dungeon Crawl Stone Soup version 0.20.0-8-g6b59dc7 (webtiles) character file.

44736 eXcel the Thaumaturge (level 14, -2/84 HPs)
             Began as a Gargoyle Earth Elementalist on June 1, 2017.
             Was a High Priest of Vehumet.
             Slain by a spiny frog (14 damage)
             ... on level 6 of the Lair of Beasts.
             The game lasted 00:50:02 (19725 turns).

eXcel the Thaumaturge (GrEE)                       Turns: 19725, Time: 00:50:02

Health: -2/84      AC: 23    Str: 13    XL:     14   Next: 30%
Magic:  8/29       EV: 13    Int: 23    God:    Vehumet [*****.]
Gold:   716        SH:  0    Dex: 12    Spells: 17/36 levels left

rFire    + + .     SeeInvis .   a - +10 mace of Civoavah {flame, Stlth+}
rCold    + . .     Gourm    .   (no shield)
rNeg     + . .     Faith    .   r - +1 ring mail {rF+}
rPois    ∞         Spirit   .   (no helmet)
rElec    +         Reflect  .   U - scarf {repulsion}
rCorr    .         Harm     .   T - +2 pair of gloves "Myri" {Int+3}
MR       +....                  B - +0 pair of boots
Stlth    ++++......             H - amulet "Jehi" {RegenMP rF+ Stlth+}
Regen    0.3/turn               F - ring of wizardry
MPRegen  0.4/turn               l - ring of protection from cold

@: flying, repel missiles
A: big wings, iridescent scales 1, camouflage 1, agile 1, negative energy
resistance 1, electricity resistance, unbreathing, petrification resistance, rot
immunity, AC +9
a: Stop Flying, Renounce Religion


You were on level 6 of the Lair of Beasts.
You worshipped Vehumet.
Vehumet was extremely pleased with you.
You were very hungry.

You visited 3 branches of the dungeon, and saw 17 of its levels.

You collected 813 gold pieces.
You spent 97 gold pieces at shops.

Notes
Turn   | Place    | Note
-------+----------+-------------------------------------------
     0 | D:1      | eXcel the Gargoyle Earth Elementalist began the quest for the Orb.
     0 | D:1      | Reached XP level 1. HP: 10/10 MP: 3/3
    36 | D:1      | Reached XP level 2. HP: 4/15 MP: 0/5
   959 | D:2      | Reached XP level 3. HP: 18/19 MP: 5/7
   964 | D:2      | Learned a level 3 spell: Stone Arrow
   967 | D:2      | Learned a level 2 spell: Passwall
  1323 | D:2      | Reached XP level 4. HP: 12/24 MP: 2/9
  1934 | D:3      | Noticed JarielCorvus's ghost (amateur DEVM)
  1984 | D:3      | Killed JarielCorvus's ghost
  1984 | D:3      | Reached XP level 5. HP: 11/28 MP: 8/11
  2020 | D:3      | Found a hide-covered altar of Uskayaw.
  2229 | D:2      | Reached skill level 5 in Earth Magic
  2470 | D:3      | Reached XP level 6. HP: 32/32 MP: 7/13
  2990 | D:4      | Found a white marble altar of Elyvilon.
  3093 | D:4      | Reached skill level 5 in Spellcasting
  3497 | D:4      | Found Aschiuxeu's Gadget Shop.
  3565 | D:4      | Reached XP level 7. HP: 34/36 MP: 15/15
  3566 | D:4      | Found a shattered altar of Ashenzari.
  3805 | D:4      | Reached skill level 1 in Conjurations
  3891 | D:4      | Reached skill level 1 in Armour
  4012 | D:4      | Found an iron altar of Okawaru.
  4013 | D:4      | Found a radiant altar of Vehumet.
  4014 | D:4      | Found a sacrificial altar of Ru.
  4021 | D:4      | Became a worshipper of Vehumet
  4032 | D:4      | Reached skill level 1 in Evocations
  4107 | D:4      | Reached skill level 1 in Fighting
  4107 | D:4      | Reached skill level 1 in Maces & Flails
  4399 | D:5      | Entered Level 5 of the Dungeon
  4407 | D:4      | Reached XP level 8. HP: 40/43 MP: 5/17
  4659 | D:5      | Got a jewelled mace
  4660 | D:5      | Identified the +10 mace of Civoavah {flame, Stlth+} (You found it on level 5 of the Dungeon)
  5295 | D:6      | Reached * piety under Vehumet
  5295 | D:6      | Offered knowledge of Magic Dart by Vehumet.
  5465 | D:6      | Got a smoking zirconium amulet
  5690 | D:6      | Noticed Duvessa
  5690 | D:6      | Noticed Dowan
  5700 | D:6      | Learned a level 5 spell: Lee's Rapid Deconstruction
  5705 | D:6      | Killed Dowan
  5712 | D:6      | Killed Duvessa
  5878 | D:6      | Reached XP level 9. HP: 49/49 MP: 19/19
  6592 | D:7      | Found a staircase to the Ecumenical Temple.
  6619 | Temple   | Entered the Ecumenical Temple
  7009 | D:7      | Found an ancient bone altar of Kikubaaqudgha.
  7009 | D:7      | Found a glowing silver altar of Zin.
  7440 | D:8      | Found Elyten's General Store.
  7492 | D:8      | Offered knowledge of Searing Ray by Vehumet.
  7506 | D:8      | Reached ** piety under Vehumet
  7507 | D:8      | Reached XP level 10. HP: 47/57 MP: 11/21
  7725 | D:8      | Noticed Joseph
  7780 | D:8      | Killed Joseph
  7938 | D:8      | Bought a potion of curing for 45 gold pieces
  7938 | D:8      | Bought a scroll of magic mapping for 52 gold pieces
  8229 | D:8      | Found a staircase to the Lair.
  8584 | D:9      | Noticed a two-headed ogre
  8603 | D:9      | Killed a two-headed ogre
  8603 | D:9      | Reached skill level 5 in Fighting
  8922 | D:9      | Found a sacrificial altar of Ru.
  9033 | D:9      | Offered knowledge of Throw Flame by Vehumet.
  9042 | D:9      | Learned a level 2 spell: Throw Flame
  9162 | D:9      | Noticed Grum
  9165 | D:9      | Killed Grum
  9385 | D:9      | Reached skill level 5 in Armour
  9421 | D:9      | Found a stormy altar of Qazlal.
  9425 | D:9      | Noticed Maurice
  9463 | D:9      | Found a blossoming altar of Fedhas.
  9468 | D:9      | Reached *** piety under Vehumet
  9645 | D:9      | Killed Maurice
  9645 | D:9      | Reached skill level 1 in Fire Magic
  9645 | D:9      | Reached XP level 11. HP: 64/64 MP: 14/23
  9663 | D:9      | Identified the amulet "Jehi" {RegenMP rF+ Stlth+} (You found it on level 6 of the Dungeon)
  9676 | D:10     | Entered Level 10 of the Dungeon
  9970 | D:10     | Noticed Josephine
  9973 | D:10     | Offered knowledge of Force Lance by Vehumet.
  9973 | D:10     | Reached skill level 5 in Maces & Flails
  9973 | D:10     | Reached skill level 5 in Conjurations
  9982 | D:10     | Killed Josephine
  9982 | D:10     | Reached skill level 5 in Evocations
 10116 | D:10     | Noticed a two-headed ogre
 10120 | D:10     | Killed a two-headed ogre
 10284 | D:10     | Got a pair of dazzling gloves
 10356 | D:10     | Identified the +2 pair of gloves "Myri" {Int+3} (You found it on level 10 of the Dungeon)
 10435 | Lair:1   | Entered Level 1 of the Lair of Beasts
 10800 | Lair:1   | Reached **** piety under Vehumet
 10800 | Lair:1   | Reached skill level 5 in Dodging
 10822 | Lair:1   | Offered knowledge of Airstrike by Vehumet.
 10947 | Lair:1   | Reached XP level 12. HP: 41/70 MP: 23/25
 12313 | Lair:2   | Reached ***** piety under Vehumet
 12366 | Lair:2   | Found a staircase to the Shoals.
 12370 | Lair:2   | Offered knowledge of Iron Shot by Vehumet.
 12643 | Lair:2   | Learned a level 6 spell: Iron Shot
 12733 | Lair:2   | Noticed a satyr
 12737 | Lair:2   | Killed a satyr
 12804 | Lair:3   | Found a staircase to the Snake Pit.
 13374 | Lair:3   | Reached skill level 10 in Spellcasting
 13866 | Lair:4   | Got a twisted chain mail
 13895 | Lair:4   | Reached skill level 10 in Earth Magic
 13957 | Lair:4   | Noticed Urug
 13965 | Lair:4   | Killed Urug
 14096 | Lair:4   | Reached XP level 13. HP: 35/76 MP: 23/27
 14974 | Lair:4   | Reached skill level 5 in Fire Magic
 15191 | Lair:5   | Identified the +2 chain mail of the Volcano {rElec rPois rF++ Int-4} (You found it on level 4 of the Lair of Beasts)
 15315 | Lair:5   | Found a staircase to the Slime Pits.
 15315 | Lair:5   | Found a viscous altar of Jiyva.
 16326 | Lair:1   | Gained mutation: You have very sharp teeth. [potion of mutation]
 16326 | Lair:1   | Gained mutation: You evolve. [potion of mutation]
 16326 | Lair:1   | Gained mutation: Your large and strong wings let you fly indefinitely. [potion of mutation]
 16567 | Lair:5   | Gained mutation: Your body sometimes deteriorates upon taking damage. [evolution]
 16567 | Lair:5   | Lost mutation: You evolve. [end of evolution]
 16771 | Lair:1   | Lost mutation: Your body sometimes deteriorates upon taking damage. [potion of mutation]
 16771 | Lair:1   | Lost mutation: Your large and strong wings let you fly indefinitely. [potion of mutation]
 16771 | Lair:1   | Lost mutation: You have very sharp teeth. [potion of mutation]
 16771 | Lair:1   | Gained mutation: Your skin changes colour to match your surroundings (Stealth+). [potion of mutation]
 16771 | Lair:1   | Gained mutation: You are agile. (Dex +2) [potion of mutation]
 16771 | Lair:1   | Gained mutation: You are partially covered in iridescent scales. (AC +2) [potion of mutation]
 17301 | Lair:5   | Got a faintly glowing short sword
 17321 | Lair:5   | Identified the +6 short sword "Hidaac" {pain, Str+5} (You found it on level 5 of the Lair of Beasts)
 17344 | Lair:6   | Entered Level 6 of the Lair of Beasts
 17992 | Lair:5   | Offered knowledge of Yara's Violent Unravelling by Vehumet.
 18358 | Lair:6   | Gained mutation: Your large and strong wings let you fly indefinitely. [Gargoyle growth]
 18358 | Lair:6   | Reached XP level 14. HP: 62/84 MP: 7/29
 19725 | Lair:6   | Slain by a spiny frog

Inventory:

Hand Weapons
 a - the +10 mace of Civoavah (weapon) {flame, Stlth+}
   (You found it on level 5 of the Dungeon)

   It has been specially enchanted to burn those struck by it, causing extra
   injury to most foes and up to half again as much damage against particularly
   susceptible opponents.
   It makes you more stealthy.
 h - the +6 short sword "Hidaac" {pain, Str+5}
   (You found it on level 5 of the Lair of Beasts)

   In the hands of one skilled in necromantic magic, it inflicts extra damage on
   living creatures.
   It affects your strength (+5).
Missiles
 b - 428 stones (quivered)
Armour
 r - a +1 ring mail of fire resistance (worn)
 B - a +0 pair of boots (worn)
 I - a scarf of cloud immunity
 O - the +2 chain mail of the Volcano {rElec rPois rF++ Int-4}
   (You found it on level 4 of the Lair of Beasts)

   It affects your intelligence (-4).
   It greatly protects you from fire.
   It insulates you from electricity.
   It protects you from poison.
 T - the +2 pair of gloves "Myri" (worn) {Int+3}
   (You found it on level 10 of the Dungeon)

   It affects your intelligence (+3).
 U - a scarf of repulsion (worn)
Jewellery
 l - a ring of protection from cold (right hand)
 F - a ring of wizardry (left hand)
 H - the amulet "Jehi" (around neck) {RegenMP rF+ Stlth+}
   (You found it on level 6 of the Dungeon)

   [amulet of magic regeneration]

   It increases your magic regeneration.
   It protects you from fire.
   It makes you more stealthy.
Wands
 c - a wand of random effects (25/48)
 e - a wand of random effects (19/48)
 P - a wand of lightning (11/15)
 W - a wand of digging (13/24)
Scrolls
 f - a scroll of noise {unknown}
 i - 8 scrolls of teleportation {unknown}
 j - 8 scrolls of remove curse
 k - 2 scrolls of amnesia {unknown}
 m - 5 scrolls of immolation {unknown}
 n - 4 scrolls of enchant armour {unknown}
 o - 5 scrolls of identify
 p - 6 scrolls of magic mapping
 y - a scroll of random uselessness {unknown}
 A - a scroll of blinking {unknown}
 E - a scroll of enchant weapon {unknown}
 Q - a scroll of summoning {unknown}
 V - 2 scrolls of recharging {unknown}
Potions
 g - 7 potions of curing
 q - a potion of mutation
 s - 2 potions of haste
 u - a potion of cancellation {unknown}
 v - a potion of magic
 w - 3 potions of heal wounds {unknown}
 C - 4 potions of brilliance {unknown}
 G - a potion of lignification {unknown}
 J - 2 potions of degeneration {unknown}
 K - 4 potions of resistance {unknown}
Miscellaneous
 S - a crystal ball of energy
 X - 2 boxes of beasts
 Y - a lamp of fire
Comestibles
 d - 8 bread rations
 x - a fruit

Table legend:
 A = Turns spent in this place as a percentage of turns spent in the entire game.
 B = Non-inter-level travel turns spent in this place as a percentage of non-inter-level travel turns spent in the entire game.
 C = Inter-level travel turns spent in this place as a percentage of turns spent in this place.
 D = Turns resting spent in this place as a percentage of non-inter-level travel turns spent in this place.
 E = Turns spent auto-exploring this place as a percentage of non-inter-level travel turns spent in this place.
 F = Non-inter-level travel turns spent in this place divided by the number of levels of this place that you've seen.
                   A       B       C       D       E      F
               +-------+-------+-------+-------+-------+----------------------
         Total | 100.0 | 100.0 |   1.4 |   6.0 |  10.3 | 245.5
       Dungeon |  53.6 |  53.7 |   1.3 |   4.6 |  12.3 | 224.0
        Temple |   0.6 |   0.6 |   3.8 |   0.0 |  44.0 |  25.0
          Lair |  45.8 |  45.7 |   1.4 |   7.7 |   7.4 | 318.0
               +-------+-------+-------+-------+-------+----------------------


   Skills:
 + Level 8.7 Fighting
 + Level 8.4 Maces & Flails
 - Level 7.0 Armour
 - Level 6.0 Dodging
 - Level 2.1 Stealth
 * Level 11.7 Spellcasting
 + Level 8.4 Conjurations
 - Level 0.7 Transmutations
 + Level 6.7 Fire Magic
 + Level 11.2 Earth Magic
 - Level 6.0 Evocations


You had 17 spell levels left.
You knew the following spells:

 Your Spells              Type           Power        Failure   Level  Hunger
a - Sandblast             Erth           ######       1%          1    None
b - Stone Arrow           Conj/Erth      ######       1%          3    None
d - Lee's Rapid Deconstr  Erth           ######....   1%          5    ####...
e - Throw Flame           Conj/Fire      #####.       1%          2    None
f - Iron Shot             Conj/Erth      ######....   3%          6    #####..
p - Passwall              Tmut/Erth      #####.....   1%          2    None


Dungeon Overview and Level Annotations

Branches:
Dungeon (10/15)            Temple (1/1) D:7            Lair (6/6) D:8
 Shoals (0/4) Lair:2        Snake (0/4) Lair:3        Slime (0/5) Lair:5
    Orc: D:9-12

Altars:
Ashenzari
Cheibriados
Dithmenos
Elyvilon
Fedhas
Gozag
Hepliaklqana
Kikubaaqudgha
Makhleb
Nemelex Xobeh
Okawaru
Qazlal
Ru
Sif Muna
Trog
Uskayaw
Vehumet
Xom
Yredelemnul
Zin
The Shining One
Jiyva

Shops:
D:4 }   D:8 *


Innate Abilities, Weirdness & Mutations

You are resistant to torment.
Your stone body is resilient. (AC +9)
You are immune to poison.
Your large and strong wings let you fly indefinitely.
You resist negative energy. (rN+)
You are resistant to electric shocks. (rElec)
You can survive without breathing.
You are immune to petrification.
You are immune to rotting.
You are partially covered in iridescent scales. (AC +2)
Your skin changes colour to match your surroundings (Stealth+).
You are agile. (Dex +2)


Message History

The elephant trunk-slaps you but does no damage.
Casting: Sandblast
Confirm with . or Enter, or press ? or * to list all spells.
Which direction?
The spiny frog stings you!
* * * LOW HITPOINT WARNING * * *
The blink frog blinks!
The elephant tramples you but does no damage.
The elephant trunk-slaps you but does no damage.
The spiny frog stings you but does no damage.
You begin to meditate on the wall.
You continue meditating on the rock.
The blink frog blinks!
The spiny frog stings you but does no damage. x2
The elephant tramples you!
* * * LOW HITPOINT WARNING * * *
You hold your ground!
The elephant closely misses you. The spiny frog misses you.
You continue meditating on the rock.
The spiny frog stings you!
You die...

.P.......#.......#P.PP......#.
)..................P.......!..
#.........<........P..........
P.............................
.............................
.............#÷............
..............÷............
..[÷....##.##..###.#.......
.....########..#@F#.P.§...
.......≈# #..YFF..P.....
≈≈≈P≈≈...≈..###.P.PP....P.
≈≈≈P≈≈≈≈≈≈≈P P...........
≈≈#≈≈P≈≈≈≈≈≈≈w..........
###≈≈≈≈≈≈≈≈≈≈≈≈.≈.......
##≈≈≈≈≈≈≈≈.≈≈......#.§
###≈≈≈≈≈≈≈≈≈P........
≈≈≈≈≈≈≈≈.....#


You could see an elephant, a tyrant leech and 3 spiny frogs.

Table legend:
 A = Kills in this place as a percentage of kills in entire the game.
 B = Kills by you in this place as a percentage of kills by you in the entire game.
 C = Kills by friends in this place as a percentage of kills by friends in the entire game.
 D = Other kills in this place as a percentage of other kills in the entire game.
 E = Experience gained in this place as a percentage of experience gained in the entire game.
 F = Experience gained in this place divided by the number of levels of this place that you have seen.
                   A       B       C       D       E      F
               +-------+-------+-------+-------+-------+----------------------
         Total | 100.0 | 100.0 |  -nan | 100.0 | 100.0 | 3759.4
       Dungeon |  54.9 |  54.8 |  -nan | 100.0 |  22.2 | 1417.4
          Lair |  45.1 |  45.2 |  -nan |   0.0 |  77.8 | 8289.2
               +-------+-------+-------+-------+-------+----------------------

Vanquished Creatures
  Josephine (D:10)
  A catoblepas (Lair:5)
  5 hydras
  A satyr (Lair:2)
  2 two-headed ogres
  A death yak (Lair:5)
  Urug (Lair:4)
  5 oklob plants
  A merfolk siren (Lair:2)
  5 elephants
  Maurice (D:9)
  Joseph (D:8)
  A torpor snail (Lair:5)
  9 black mambas
  13 spiny frogs
  9 komodo dragons
  A queen bee (Lair:1)
  A merfolk (Lair:2)
  A troll (D:10)
  11 blink frogs
  6 hippogriffs
  3 polar bears
  A tyrant leech (Lair:6)
  A spriggan (Lair:5)
  43 yaks
  A wyvern (Lair:4)
  5 wraiths (D:10)
  2 basilisks
  A human (D:7)
  Grum (D:9)
  4 hogs (D:7)
  4 vampire mosquitoes
  A hungry ghost (D:9)
  2 nagas (Lair:3)
  7 water moccasins
  Duvessa (D:6)
  3 porcupines
  2 ice beasts
  4 sky beasts
  3 ogres
  An orc warrior (D:10)
  2 phantoms
  11 wolves
  4 centaurs
  11 crocodiles
  The ghost of JarielCorvus the Magician, an amateur DEVM (D:3)
  25 bullfrogs
  7 scorpions
  Dowan (D:6)
  33 killer bees
  7 wights
  An electric eel (Lair:4)
  4 howler monkeys
  2 crimson imps
  A bullfrog zombie (D:5)
  A centaur zombie (D:8)
  2 hounds
  A jelly (D:8)
  3 orc priests
  2 centaur skeletons
  5 iguanas
  7 worker ants
  8 orc wizards
  2 hound zombies (D:6)
  A hound skeleton (D:8)
  A howler monkey skeleton (D:5)
  11 adders
  7 gnolls
  3 shadow imps
  An adder skeleton (D:4)
  3 worms
  2 dart slugs
  A leopard gecko (D:2)
  28 orcs
  5 giant cockroaches
  11 goblins
  7 hobgoblins
  12 jackals
  6 quokkas
  A ball python (D:2)
  A ball python skeleton (D:4)
  3 bats
  6 frilled lizards
  8 kobolds
  A leopard gecko zombie (D:7)
  A quokka zombie (D:5)
  8 rats
  A bush (Lair:4)
  A fire vortex (Lair:4)
  A fungus (Lair:1)
439 creatures vanquished.

Vanquished Creatures (others)
  A crocodile (Lair:6)
  2 bullfrogs (Lair:6)
  An adder (D:3)
  4 fungi
  34 plants
42 creatures vanquished.

Grand Total: 481 creatures vanquished

Action                   |  1- 3 |  4- 6 |  7- 9 | 10-12 | 13-15 || total
-------------------------+-------+-------+-------+-------+-------++-------
Melee: Unarmed           |    13 |       |       |       |       ||    13
       Dagger            |    45 |   148 |    65 |       |       ||   258
       Short sword       |       |    29 |       |       |       ||    29
       Mace              |       |       |   110 |   248 |    85 ||   443
 Cast: Sandblast         |     9 |    19 |    37 |    63 |    38 ||   166
       Stone Arrow       |       |     2 |    31 |   117 |   206 ||   356
       Lee's Rapid Decon |       |       |     3 |    42 |    30 ||    75
       Iron Shot         |       |       |       |     7 |     6 ||    13
       Passwall          |       |       |       |       |     1 ||     1
 Abil: Fly               |       |       |       |       |     1 ||     1
  Use: Scroll            |     1 |       |       |     1 |     9 ||    11
       Potion            |       |       |       |       |     2 ||     2
 Stab: Sleeping          |     4 |     4 |     6 |     8 |       ||    22
  Eat: Chunk             |     1 |     7 |    13 |    33 |    16 ||    70
       Fruit             |       |       |     2 |       |     3 ||     5
       Bread ration      |       |       |       |       |     1 ||     1
Armor: Robe              |    19 |    57 |    11 |       |       ||    87
       Leather armour    |       |       |    87 |   162 |    35 ||   284
       Ring mail         |       |       |       |       |   157 ||   157
Dodge: Dodged            |    53 |    84 |   153 |   251 |   207 ||   748
       Deflected         |       |       |       |       |     1 ||     1
